 Dungeon Crawl Stone Soup version 0.29-a0-184-g2ef5e920f0 (console) character file.

Game seed: 15369040662352976529

144 CannotBeFrozen the Changer (level 4, -1/51 HPs)
             Began as a Demigod Transmuter on Feb 21, 2022.
             Slain by a phantom (5 damage)
             ... on level 3 of the Dungeon.
             The game lasted 00:08:46 (2883 turns).

CannotBeFrozen the Changer (Demigod Transmuter)     Turns: 2883, Time: 00:08:47

Health: -1/51      AC: 22    Str: 15    XL:     4   Next: 77%
Magic:  9/9        EV:  2    Int: 15    God:
Gold:   135        SH:  0    Dex: 14    Spells: 0/6 levels left

rFire   . . .      SeeInvis .   a - +2 dagger (venom)
rCold   . . .      Faith    .   (no shield)
rNeg    . . .      Spirit   .   (body armour currently unavailable)
rPois   +          Reflect  .   (helmet currently unavailable)
rElec   .          Harm     .   (cloak currently unavailable)
rCorr   .          Rampage  .   (gloves currently unavailable)
Will    .....      NoTele   +   (boots currently unavailable)
Stlth   +.........              (no amulet)
HPRegen 0.17/turn               (no ring)
MPRegen 0.11/turn               (no ring)

@: brilliant, tree-form
A: stationary, stasis, torment immunity, boosted hp, high MP 1, forlorn, divine
attributes
a: no special abilities


You were on level 3 of the Dungeon.
You were a tree.
You visited 1 branch of the dungeon, and saw 3 of its levels.

You collected 135 gold pieces.

Inventory:

Hand Weapons
 a - a +2 dagger of venom (weapon)
Missiles
 e - 40 stones
 f - 6 boomerangs (quivered)
Armour
 b - a +0 ring mail
 d - a +0 robe
 h - a +4 scale mail (melded)
Magical Staves
 c - a staff of conjuration
Scrolls
 l - 2 scrolls of fog
Potions
 g - a potion of brilliance
 j - a potion of magic {unknown}
 k - a potion of cancellation {unknown}
 m - a potion of degeneration {unknown}
 n - a potion of haste {unknown}


   Skills:
 - Level 0.8 Fighting
 + Level 0.0 Armour
 - Level 1.7 Dodging
 - Level 2.6 Unarmed Combat
 - Level 1.7 Spellcasting
 + Level 4.8 Transmutations


You couldn't memorise any spells.
You knew the following spells:

 Your Spells              Type           Power      Damage    Failure   Level
s - Spider Form           Tmut/Pois      12%        N/A       26%         3
w - Wereblood             Tmut           23%        N/A       4%          2
z - Beastly Appendage     Tmut           46%        N/A       3%          1

Your spell library contained the following spells:

 Spells                   Type           Power      Damage    Failure   Level
 Blink                    Tloc           2%         N/A       34%         2
 Gell's Gravitas          Tloc           1%         N/A       56%         3
 Lesser Beckoning         Tloc           1%         N/A       56%         3
 Teleport Other           Tloc           1%         N/A       56%         3
 Ice Form                 Ice/Tmut       12%        N/A       63%         4
 Manifold Assault         Tloc           1%         N/A       99%         5


Dungeon Overview and Level Annotations

Branches:
Dungeon (3/15)

Shops:
D:2 =


Innate Abilities, Weirdness & Mutations

You are a tree.
Your roots penetrate the ground, keeping you stationary.
You cannot be teleported.
You are immune to unholy pain and torment.
Your maximum health is greatly increased.
Your equipment is partially melded.
You have an increased reservoir of magic. (+10% MP)
You shall have no god before yourself.
Your divine heritage dramatically boosts your attributes as you level up.


Message History

The phantom is severely damaged.
The phantom hits you but does no damage.
You hit the phantom.
The phantom is severely damaged.
The phantom hits you but does no damage.
You closely miss the phantom.
The phantom is severely damaged.
The phantom hits you but does no damage.
You closely miss the phantom.
The phantom is severely damaged.
The phantom completely misses you.
You closely miss the phantom.
The phantom is severely damaged.
The phantom hits you but does no damage.
You hit the phantom but do no damage.
The phantom is severely damaged.
The phantom hits you but does no damage.
You closely miss the phantom.
The phantom is severely damaged.
The phantom hits you but does no damage.
You closely miss the phantom.
The phantom is severely damaged.
The phantom barely misses you.
You hit the phantom.
The phantom is almost destroyed.
The phantom hits you.
* * * LOW HITPOINT WARNING * * *
HP: 7/51 (-2) =----------- You closely miss the phantom.
The phantom is almost destroyed.
The phantom barely misses you.
You hit the phantom.
The phantom is almost destroyed.
The phantom hits you.
* * * LOW HITPOINT WARNING * * *
HP: 4/51 (-4) ------------ You miss the phantom.
The phantom is almost destroyed.
The phantom hits you.
You die...

######.........##
....##.........#
#............#
####.........# ##
##.........#
[..#####..........#
.#................#
........#.....W...#
#.......#......♣..#
####......#########
###.....#
......##..# ######
#...# #<...# ##...#
#.## .#


You could see a phantom.

Vanquished Creatures
  An ogre (D:3)
  An adder (D:2)
  A worm (D:2)
  2 dart slugs (D:1)
  An orc (D:3)
  3 endoplasms (D:2)
  2 giant cockroaches (D:2)
  5 goblins
  4 hobgoblins
  3 jackals (D:2)
  2 quokkas (D:1)
  5 ball pythons
  3 bats (D:1)
  4 frilled lizards
  4 kobolds
  3 rats
44 creatures vanquished.

Notes
Turn   | Place    | Note
-------+----------+-------------------------------------------
     0 | D:1      | CannotBeFrozen the Demigod Transmuter began the quest for
                  | the Orb.
     0 | D:1      | Reached XP level 1. HP: 15/15 MP: 5/5
    27 | D:1      | Reached skill level 2 in Transmutations
   708 | D:1      | Reached XP level 2. HP: 20/22 MP: 5/7
   943 | D:1      | Reached skill level 3 in Transmutations
  1003 | D:1      | Learned a level 2 spell: Wereblood
  1732 | D:2      | Reached XP level 3. HP: 26/27 MP: 6/8
  1871 | D:2      | Found Isem's Jewellery Shoppe.
  2575 | D:3      | Noticed an ogre
  2583 | D:3      | Killed an ogre
  2584 | D:3      | Reached skill level 4 in Transmutations
  2584 | D:3      | Reached XP level 4. HP: 8/34 MP: 7/9
  2826 | D:3      | Learned a level 3 spell: Spider Form
  2839 | D:3      | Noticed a phantom
  2883 | D:3      | Slain by a phantom

Illustrated notes

Levels and vault maps discovered:
D:1:      dpeg_arrival_boxes_within_box, layout_loops_corners
D:2:      layout_rooms, shapermc_ecumenical_altar_notcrosses, serial_shops,
          shop, item_on_display_a
D:3:      layout_rooms, gammafunk_temple_overflow_forgotten, minivault_24,
          grunt_ministairs_3

Skill      XL: |  1  2  3 |
---------------+----------+-----
Transmutations | 2 3 4 |  4.8
Fighting       | |  0.8
Dodging        | |  1.7
Unarmed Combat | |  2.6
Spellcasting   | |  1.7

Action                   |  1- 3 |  4- 6 || total
-------------------------+-------+-------++-------
Melee: Unarmed           |    41 |       ||    41
       Kick              |    24 |     2 ||    26
       Punch             |     2 |       ||     2
       Headbutt          |     9 |       ||     9
       Dagger            |    69 |    33 ||   102
Throw: Boomerang         |     5 |     2 ||     7
       Stone             |     2 |       ||     2
 Cast: Beastly Appendage |    26 |     1 ||    27
  Use: Scroll            |     4 |       ||     4
       Potion            |       |     2 ||     2
Armor: Ring mail         |    33 |       ||    33
       Scale mail        |     1 |     5 ||     6
       Skin              |       |    14 ||    14
Dodge: Dodged            |    64 |     7 ||    71

Table legend: (Time is in decaauts)
 A = Elapsed time spent in this place.
 B = Non-inter-level travel time spent in this place.
 C = Inter-level travel time spent in this place.
 D = Time resting spent in this place.
 E = Time spent auto-exploring this place.
 F = Levels seen in this place.
 G = Mean time per level.
                   A        B        C        D        E       F      G
               +--------+--------+--------+--------+--------+-----+--------+
         Total |   2879 |   2783 |     96 |    764 |   1464 |   3 |  959.7 |
       Dungeon |   2879 |   2783 |     96 |    764 |   1464 |   3 |  959.7 |
               +--------+--------+--------+--------+--------+-----+--------+

Top non-repeatable levels by time:
     D:1: 1486 daAuts
     D:2: 871 daAuts
     D:3: 522 daAuts
